 Dungeon Crawl Stone Soup version 0.30.1-11-g7821555f0a (webtiles) character file.

Game seed: 5420103146280879878

515 bnorton916 the Magician (level 7, -8/36 HPs)
             Began as a Deep Elf Fire Elementalist on Nov 26, 2023.
             Mangled by an ice beast (12 damage)
             ... on level 5 of the Dungeon.
             The game lasted 00:07:18 (5746 turns).

bnorton916 the Magician (DEFE)                      Turns: 5746, Time: 00:07:19

Health: -8/36      AC:  2    Str:  5    XL:     7   Next: 0%
Magic:  13/18      EV: 12    Int: 34    God:
Gold:   224        SH:  0    Dex: 15    Spells: 15/18 levels left

rFire   . . .        (no weapon)
rCold   . . .        (no shield)
rNeg    . . .        a - +0 robe
rPois   .            (no helmet)
rElec   .            (no cloak)
rCorr   .            (no gloves)
SInv    .            (no boots)
Will    .....        g - amulet of regeneration
Stlth   ++           m - +6 ring of intelligence
HPRegen 1.06/turn    y - +6 ring of intelligence
MPRegen 0.16/turn

%: no passive effects
@: no status effects
A: no striking features
a: no special abilities


You were on level 5 of the Dungeon.
You visited 1 branch of the dungeon, and saw 5 of its levels.

You collected 224 gold pieces.

Inventory:

Hand Weapons
 t - a +1 dagger of venom
 z - a +0 demon blade
Missiles
 n - 4 poisoned darts
Armour
 a - a +0 robe (worn)
Magical Staves
 h - a staff of earth
Jewellery
 g - an amulet of regeneration (around neck)
 m - a +6 ring of intelligence (left hand)
 s - a ring of protection from fire
 y - a +6 ring of intelligence (right hand)
Scrolls
 c - a scroll of acquirement {unknown}
 d - a scroll of silence {unknown}
 e - 2 scrolls of vulnerability
 f - 2 scrolls of poison {unknown}
 i - 2 scrolls of magic mapping {unknown}
 j - 2 scrolls of enchant weapon
 k - a scroll of immolation {unknown}
 l - 2 scrolls of fear {unknown}
 p - a scroll of noise {unknown}
 r - 3 scrolls of teleportation
 x - a scroll of amnesia {unknown}
Potions
 b - a potion of magic
 o - a potion of flight {unknown}
 q - 2 potions of curing {unknown}
 u - a potion of brilliance {unknown}
 v - a potion of invisibility
 w - a potion of berserk rage {unknown}


   Skills:
 - Level 2.4 Dodging
 - Level 2.4 Stealth
 + Level 6.2 Spellcasting
 + Level 4.7 Conjurations
 + Level 5.7 Fire Magic


You had 15 spell levels left.
You knew the following spells:

 Your Spells              Type           Power      Damage    Failure   Level
a - Foxfire               Conj/Fire      100%       2x1d9     1%          1
b - Scorch                Fire           98%        2d9       1%          2

Your spell library contained the following spells:

 Spells                   Type           Power      Damage    Failure   Level
 Inner Flame              Hex/Fire       30%        N/A       3%          3
 Volatile Blastmotes      Fire/Tloc      60%        2d15      3%          3
 Flame Wave               Conj/Fire      46%        2d12      4%          4
 Vhi's Electric Charge    Tloc/Air       20%        N/A       12%         3
 Arcjolt                  Conj/Air       13%        1d23      38%         5
 Plasma Beam              Fire/Air       15%        2x1d29    88%         6


Dungeon Overview and Level Annotations

Branches:
Dungeon (5/15)
 Temple: D:4-7

Altars:

Shops:
D:1 (:*=


Message History

Done waiting.
You see here 8 stones.
An ice beast comes into view.
There is a stone staircase leading down here.
Casting: Scorch (safe; 1% risk of failure)
Confirm with . or Enter, or press ? or * to list all spells.
Flames lash the ice beast.
The ice beast melts!
The ice beast is moderately wounded.
The ice beast's fire resistance burns away.
The ice beast barely misses you.
Casting: Scorch (safe; 1% risk of failure)
Confirm with . or Enter, or press ? or * to list all spells.
You conjure some foxfire!
The ice beast hits you. The ice beast freezes you!
The foxfire hits the ice beast.
The ice beast is moderately wounded.
The foxfire hits the ice beast!
The ice beast melts!
The ice beast is heavily wounded.
The ice beast hits you. The ice beast freezes you!
Casting: Foxfire (safe; 1% risk of failure)
Confirm with . or Enter, or press ? or * to list all spells.
You conjure some foxfire!
The ice beast is no longer more vulnerable to fire.
The ice beast barely misses you.
The foxfire hits the ice beast but does no damage.
The ice beast is heavily wounded.
The foxfire hits the ice beast but does no damage.
The ice beast is heavily wounded.
The ice beast hits you. The ice beast freezes you.
* * * LOW HITPOINT WARNING * * *
Unknown command.
Casting: Foxfire (safe; 1% risk of failure)
Confirm with . or Enter, or press ? or * to list all spells.
Flames lash the ice beast.
The ice beast melts!
The ice beast is severely wounded.
The ice beast's fire resistance burns away.
The ice beast barely misses you. The ice beast hits you.
* * * LOW HITPOINT WARNING * * *
The ice beast freezes you!
You die...

....######.#.##
#.#..# ....#
#.o§)..# #†#.##
....# #.##...######
###.....
....####............
......#...
..........####.#####
######.#...
..................
........†...
..........#####..#
.# #######...
#.........# #.##..#
#....... #.........#
#@Y..# #.######
###########
#.#########.# #.#
........# #.#
######..#
#.#.#####...######
#.#...............
#.#######..#######
###
#................
..#########
#######.#.########


You could see an ice beast (combustible).

Vanquished Creatures
  A phantom (D:5)
  A scorpion (D:5)
  A jelly (D:5)
  3 hounds
  3 iguanas (D:5)
  An orc wizard (D:3)
  3 adders
  4 gnolls (D:3)
  An ufetubus (D:5)
  2 worms
  A dart slug (D:3)
  6 orcs
  5 ball pythons
  7 bats
  4 endoplasms
  3 giant cockroaches
  7 goblins
  11 hobgoblins
  5 kobolds
  4 quokkas
  5 frilled lizards
  6 rats
84 creatures vanquished.

Vanquished Creatures (others)
  316 foxfires
316 creatures vanquished.

Grand Total: 400 creatures vanquished

Notes
Turn   | Place    | Note
-------+----------+-------------------------------------------
     0 | D:1      | bnorton916 the Deep Elf Fire Elementalist began the quest
                  | for the Orb.
     0 | D:1      | Reached XP level 1. HP: 10/10 MP: 6/6
    79 | D:1      | Found Nureom's Antique Weapon Shop.
   249 | D:1      | Reached XP level 2. HP: 15/15 MP: 5/8
   287 | D:1      | Learned a level 2 spell: Scorch
   522 | D:1      | Found Vasok's Jewellery Shop.
   866 | D:1      | Found Relaqass's Book Shop.
   944 | D:1      | Found Komanash's Assorted Antiques.
  1186 | D:2      | Reached XP level 3. HP: 19/19 MP: 8/10
  2115 | D:3      | Reached skill level 4 in Spellcasting
  2115 | D:3      | Reached XP level 4. HP: 23/24 MP: 1/12
  2793 | D:3      | Reached XP level 5. HP: 28/28 MP: 9/14
  3549 | D:3      | Reached skill level 5 in Spellcasting
  3982 | D:5      | Entered Level 5 of the Dungeon
  4245 | D:5      | Reached skill level 5 in Fire Magic
  4410 | D:5      | Reached XP level 6. HP: 15/32 MP: 11/16
  5153 | D:5      | Reached skill level 6 in Spellcasting
  5471 | D:5      | Reached XP level 7. HP: 36/36 MP: 15/18
  5746 | D:5      | Mangled by an ice beast

Illustrated notes

Levels and vault maps discovered:
D:1:      lemuel_arrival_behind_the_door_large, layout_rooms, serial_shops,
          nicolae_shop_peninsula, nicolae_shop_competitors_out_of_business,
          nicolae_shop_peninsula, shop
D:2:      layout_basic, kennysheep_path_1
D:3:      layout_loops_corners, minmay_goblin_kobold_house
D:4:      layout_rooms, serial_park_tiny_2, chequers_serial_rivers_marsh,
          uniq_blork_the_orc
D:5:      layout_basic, minmay_holes, amcnicky_mini_pool_small

Skill      XL: |  1  2  3  4  5  6 |
---------------+-------------------+-----
Conjurations   | 2 3 4 |  4.7
Fire Magic     | 4 5 |  5.7
Spellcasting   | 4 5 6 |  6.2
Dodging        | |  2.4
Stealth        | |  2.4

Action                     |  1- 3 |  4- 6 |  7- 9 || total
---------------------------+-------+-------+-------++-------
   Cast: Foxfire           |    97 |    91 |     3 ||   191
         Scorch            |     7 |    27 |     5 ||    39
    Use: Scroll            |       |     3 |       ||     3
 Armour: Robe              |       |     6 |       ||     6
  Dodge: Dodged            |    10 |    23 |     3 ||    36
